 Dungeon Sprint DCSS version 0.30-a0-772-g5528072125 (webtiles) character file.

Game seed: 3017911626046512718

1446 rocky1 the Basher (level 9, 0/79 HPs)
             Began as a Formicid Fighter on Feb 13, 2023.
             Was an Initiate of Gozag.
             Slain by a centaur warrior (4 damage)
             ... in the Dungeon (Sprint IX: "|||||||||||||||||||||||||||||").
             The game lasted 00:03:50 (584 turns).

rocky1 the Basher (Formicid Fighter)                 Turns: 584, Time: 00:03:50

Health: 0/79       AC: 16    Str: 28    XL:     9   Next: 4%
Magic:  9/9        EV: 11    Int:  8    God:    Gozag
Gold:   522        SH:  7    Dex: 13    Spells: 8/8 levels left

rFire   . . .      SeeInvis +    m - +2 morningstar (protect)
rCold   . . .      Faith    .    c - +0 buckler
rNeg    . . .      Spirit   .    q - +1 scale mail
rPois   .          Reflect  .    (helmet unavailable)
rElec   .          Harm     .    (no cloak)
rCorr   .          Rampage  .    n - +0 pair of gloves
Will    .....                    (no boots) Stlth
                                 (no amulet)
HPRegen 0.33/turn                o - +3 ring of strength
MPRegen 0.11/turn                p - +2 ring of evasion

@: gold aura, under a protective aura
A: permanent stasis, dig shafts and tunnels, antennae 3, four strong arms
a: Dig, Renounce Religion, Potion Petition, Call Merchant, Bribe Branch


You were in the Dungeon.
You worshipped Gozag.
Gozag was pleased with you.
You visited 1 branch You collected 522 gold pieces.

Inventory:

Hand Weapons
 i - a +0 whip
 l - a +0 lajatang
 m - a +2 morningstar of protection (weapon)
Missiles
 a - a curare-tipped dart
Armour
 c - a +0 buckler (worn)
 n - a +0 pair of gloves (worn)
 q - a +1 scale mail (worn)
Jewellery
 o - a +3 ring of strength (left hand)
 p - a +2 ring of evasion (right hand)
Wands
 k - a wand of acid (7)
Scrolls
 h - 2 scrolls of blinking
 j - 2 scrolls of amnesia
Potions
 e - 5 potions of curing
 f - 3 potions of heal wounds
 g - 4 potions of magic


   Skills:
 + Level 10.7 Fighting
 * Level 13.4 Maces & Flails
 - Level 3.2 Armour
 + Level 12.9 Shields
 + Level 2.3 Evocations


You had 8 spell levels left.
You didn't know any spells.
Your spell library was empty.

Dungeon Overview and Level Annotations

Branches:
Dungeon (1/1)

Altars:
Cheibriados
Dithmenos
Elyvilon
Fedhas
Gozag
Hepliaklqana
Kikubaaqudgha
Makhleb
Nemelex Xobeh
Okawaru
Qazlal
Ru
Sif Muna
Trog
Uskayaw
Vehumet
Wu Jian
Xom
Yredelemnul
Zin
The Shining One
Jiyva
Lugonu


Innate Abilities, Weirdness & Mutations

You cannot be hasted, slowed, berserked, paralysed or teleported.
You can dig through walls and to a lower floor.
You have a pair of large antennae on your head. (SInv)
Your four strong arms can wield two-handed weapons with a shield.


Message History

The centaur warrior wields a +0 shortbow.
The centaur warrior shoots an arrow.
The arrow hits you. The boulder beetle bites you.
Your Evocations skill gained 2 levels and is now at level 2!
You have reached level 9!
Your experience leads to an increase in your attributes!
Your base attributes are Str 23, Int 8, Dex 13.
Increase (S)trength, (I)ntelligence, or (D)exterity?
You feel stronger. x2
Unknown command.
Aiming: Corrosive Bolt
Press: ? - help, Shift-Dir - straight line, f - manticore, p - boulder beetle
Aim: a manticore (83% to hit)
The bolt of acid hits the centaur warrior!
The centaur warrior is moderately wounded.
The bolt of acid hits the gnoll sergeant!
The gnoll sergeant is moderately wounded.
The bolt of acid hits the manticore!
The acid corrodes the manticore!
The manticore is moderately wounded.
The centaur warrior shoots an arrow.
The arrow hits you!
The centaur warrior shoots an arrow.
The arrow hits you!! The boulder beetle barely misses you.
Unknown command.
You bludgeon the boulder beetle!!
The boulder beetle is moderately wounded.
The centaur warrior shoots an arrow.
You block the arrow. You block the boulder beetle's attack.
Aiming: Corrosive Bolt
Press: ? - help, Shift-Dir - straight line, f - boulder beetle, p - manticore
Aim: a boulder beetle (moderately wounded, 100% to hit)
The bolt of acid hits the boulder beetle but does no damage.
The boulder beetle is moderately wounded.
The centaur warrior shoots an arrow.
You block the arrow.
The centaur warrior shoots an arrow.
The arrow hits you!!
* * * LOW HITPOINT WARNING * * *
The boulder beetle leaps!
The centaur warrior unwields a +0 shortbow.
You block the centaur warrior's attack. The centaur warrior kicks you.
You die...
Your body crumbles into a pile of gold.

▓.▓
$
▓)▓
▓.▓
$
▓.▓
$ {
▓.▓
$ {
$
▓.▓
$ {
▓°▓
$
▓.▓
▓@▓
▓c▓
▓g▓
▓H▓
▓$▓
▓.▓
▓.▓
▓+▓


You could see a centaur warrior (corroded), a manticore (corroded) and a gnoll
sergeant.

Vanquished Creatures
  A two-headed ogre (D)
  A troll (D)
  2 steam dragons (D)
  A vampire mosquito (D)
  An ogre (D)
  A kobold brigand (D)
  A killer bee (D)
  An iguana (D)
  2 orc wizards (D)
  An adder (D)
  An orc (D)
  A bat (D)
  An endoplasm (D)
  A hobgoblin (D)
  A kobold (D)
  A rat (D)
18 creatures vanquished.

Notes
Turn   | Place    | Note
-------+----------+-------------------------------------------
     0 | D        | rocky1 the Formicid Fighter began the quest for the Orb.
     0 | D        | Reached XP level 1. HP: 18/18 MP: 1/1
    16 | D        | Banished a spatial maelstrom
    18 | D        | Reached skill level 3 in Maces & Flails
    69 | D        | Noticed an iguana
    69 | D        | Noticed an ogre
    69 | D        | Noticed an orc wizard
    75 | D        | Killed an iguana
    76 | D        | Reached skill level 5 in Maces & Flails
    76 | D        | Reached skill level 5 in Shields
    76 | D        | Reached XP level 2. HP: 20/25 MP: 2/2
    76 | D        | Reached XP level 3. HP: 24/30 MP: 3/3
    78 | D        | Killed an ogre
    79 | D        | Reached skill level 5 in Fighting
    79 | D        | Reached skill level 7 in Maces & Flails
    79 | D        | Reached XP level 4. HP: 33/40 MP: 4/4
    79 | D        | Reached XP level 5. HP: 37/46 MP: 5/5
   118 | D        | Found a snail-covered altar of Cheibriados.
   118 | D        | Found a shadowy altar of Dithmenos.
   118 | D        | Found a white marble altar of Elyvilon.
   118 | D        | Found a blossoming altar of Fedhas.
   118 | D        | Found an opulent altar of Gozag.
   119 | D        | Found a hazy altar of Hepliaklqana.
   120 | D        | Found a viscous altar of Jiyva.
   121 | D        | Found an ancient bone altar of Kikubaaqudgha.
   122 | D        | Found a corrupted altar of Lugonu.
   123 | D        | Found a burning altar of Makhleb.
   124 | D        | Found a sparkling altar of Nemelex Xobeh.
   125 | D        | Found an iron altar of Okawaru.
   126 | D        | Became a worshipper of Gozag Ym Sagoz the Greedy
   127 | D        | Found a stormy altar of Qazlal.
   128 | D        | Found a sacrificial altar of Ru.
   129 | D        | Found a shimmering blue altar of Sif Muna.
   130 | D        | Found a bloodstained altar of Trog.
   131 | D        | Found a hide-covered altar of Uskayaw.
   132 | D        | Found a radiant altar of Vehumet.
   133 | D        | Found an ornate altar of the Wu Jian Council.
   134 | D        | Found a shimmering altar of Xom.
   135 | D        | Found a basalt altar of Yredelemnul.
   136 | D        | Found a glowing silver altar of Zin.
   137 | D        | Found a glowing golden altar of the Shining One.
   199 | D        | Noticed a steam dragon
   199 | D        | Noticed a steam dragon
   199 | D        | Noticed a vampire mosquito
   199 | D        | Noticed a kobold brigand
   199 | D        | Noticed a two-headed ogre
   207 | D        | Killed a steam dragon
   208 | D        | Reached skill level 9 in Maces & Flails
   208 | D        | Reached XP level 6. HP: 31/55 MP: 6/6
   210 | D        | Killed a steam dragon
   211 | D        | Reached skill level 10 in Maces & Flails
   211 | D        | Reached skill level 10 in Shields
   211 | D        | Reached XP level 7. HP: 32/62 MP: 7/7
   215 | D        | Killed a vampire mosquito
   218 | D        | Reached skill level 11 in Maces & Flails
   227 | D        | Killed a two-headed ogre
   228 | D        | Reached skill level 10 in Fighting
   228 | D        | Reached skill level 12 in Maces & Flails
   228 | D        | Reached XP level 8. HP: 27/72 MP: 8/8
   231 | D        | Reached skill level 13 in Maces & Flails
   576 | D        | Noticed a boulder beetle
   576 | D        | Noticed a troll
   576 | D        | Noticed a centaur warrior
   576 | D        | Noticed a manticore
   580 | D        | Killed a troll
   581 | D        | Reached XP level 9. HP: 56/79 MP: 9/9
   584 | D        | Slain by a centaur warrior

Illustrated notes

Levels and vault maps discovered:
D:        linesprint [early_d, line_temple, items_1, d_10, items_2, lair_1,
          lair_end, items_3, orc_1, orc_end, items_4, d_15, swamp_1, shoals_1,
          snake_1, spider_1, d_20, vaults_1, items_5, swamp_end, shoals_end,
          snake_end, spider_end, vaults_end, d_27, items_6, zot_1, zot_end,
          crypt_end, forest_end, elf_end, slime_end, tomb_end, abyss_end,
          pan_hell_end]

Skill      XL: |  1  2  3  4  5  6  7  8 |
---------------+-------------------------+-----
Maces & Flails | 5 7 9 10 12 13 | 13.4
Fighting       | 4 5 7 8 10 | 10.7
Shields        | 5 7 9 10 12 | 12.9
Evocations     | 2 |  2.3
Armour         | |  3.2

Action                     |  1- 3 |  4- 6 |  7- 9 || total
---------------------------+-------+-------+-------++-------
  Melee: Flail             |    15 |       |       ||    15
         Whip              |     8 |    13 |       ||    21
         Morningstar       |       |     5 |    24 ||    29
  Evoke: Wand              |       |       |     3 ||     3
    Use: Potion            |     1 |     1 |       ||     2
   Stab: Invisible         |       |     2 |     3 ||     5
 Armour: Scale mail        |     6 |     6 |     5 ||    17
  Dodge: Dodged            |     4 |    10 |    16 ||    30
  Block: Buckler           |     6 |     3 |     6 ||    15

Table legend: (Time is in decaauts)
 A = Elapsed time spent in this place.
 B = Non-inter-level travel time spent in this place.
 C = Inter-level travel time spent in this place.
 D = Time resting spent in this place.
 E = Time spent auto-exploring this place.
 F = Levels seen in this place.
 G = Mean time per level.
                   A        B        C        D        E       F      G
               +--------+--------+--------+--------+--------+-----+--------+
         Total |    582 |    577 |      5 |    392 |      0 |   1 |  582.0 |
       Dungeon |    582 |    577 |      5 |    392 |      0 |   1 |  582.0 |
               +--------+--------+--------+--------+--------+-----+--------+

Top non-repeatable levels by time:
       D: 582 daAuts
